[Event "January 2 Early 2024"]
[Site "https://www.chess.com"]
[Date "2024.01.02"]
[Round "6"]
[White "Rodriguez Avila, Alvaro"]
[Black "Dyulgerov, Volen"]
[Result "1-0"]
[Board "150"]
[TimeControl "180+1"]
[WhiteFideId "24570249"]
[BlackFideId "2918978"]
[WhiteElo "2272"]
[BlackElo "2461"]
[WhiteTeam "ESP"]
[BlackTeam "BUL"]
[WhiteClock "0:01:06"]
[BlackClock "0:00:04"]

1. e4 c5 2. Nf3 d6 3. d4 cxd4 4. Nxd4 Nf6 5. Nc3 a6 6. Bg5 e6 7. f4 Qc7 8. Qf3 b5 9. Bxf6 gxf6 10. a3 Bb7 11. f5 e5 12. Nb3 h5 13. O-O-O h4 14. Kb1 Nd7 15. Be2 Nb6 16. Na5 Be7 17. Nxb7 Qxb7 18. Nd5 Rc8 19. Nxb6 Qxb6 20. Rd3 a5 21. Rb3 b4 22. a4 d5 23. exd5 Bc5 24. Rd1 Bd4 25. Bb5+ Ke7 26. c3 bxc3 27. bxc3 Bc5 28. Kc2 Rhg8 29. Bc6 Qa6 30. Bb7 Qc4 31. Bxc8 Rxc8 32. d6+ Kf8 33. d7 Rd8 34. Qd5 Qxd5 35. Rxd5 Bg1 36. h3 Ke7 37. Rb7 e4 38. Kd2 e3+ 39. Ke2 Bf2 40. Rxa5 Rxd7 41. Rxd7+ Kxd7 42. Ra7+ Kd6 43. Rxf7 Ke5 44. a5 Kxf5 45. a6 Kf4 46. Rxf6+ 1-0

[Event "January 2 Early 2024"]
[Site "https://www.chess.com"]
[Date "2024.01.02"]
[Round "6"]
[White "Reprintsev, Alexander"]
[Black "Slavin, Alexey"]
[Result "1-0"]
[Board "151"]
[TimeControl "180+1"]
[WhiteFideId "14100541"]
[BlackFideId "24104388"]
[WhiteElo "2461"]
[BlackElo "2254"]
[WhiteTeam "UKR"]
[BlackTeam "RUS"]
[WhiteClock "0:00:48"]
[BlackClock "0:00:25"]

1. e4 Nc6 2. Nf3 d6 3. Bb5 Bd7 4. O-O Nf6 5. Re1 e5 6. c3 a6 7. Ba4 Be7 8. d4 b5 9. Bc2 O-O 10. a4 Bg4 11. d5 Na5 12. Nbd2 Nb7 13. b4 Qd7 14. h3 Bh5 15. Nf1 Bg6 16. Ng3 c6 17. dxc6 Qxc6 18. Bb2 Rad8 19. axb5 axb5 20. Ra7 Qb6 21. Qa1 Nh5 22. Nxh5 Bxh5 23. Re3 Bf6 24. Bb3 Rd7 25. Bd5 Rfd8 26. Ra6 Qc7 27. Bc6 Re7 28. Bxb5 Rb8 29. Bf1 Qd8 30. Ra7 Qc8 31. Qa6 Rc7 32. Rd3 Be7 33. Nd2 Bg6 34. f3 Bf8 35. Nb3 Qe6 36. Na5 Qe7 37. Nc6 Qe8 38. Nxb8 Qxb8 39. Ra8 Nc5 40. bxc5 Qxb2 41. cxd6 Rxc3 42. Rxc3 Qxc3 43. Rxf8+ Kxf8 44. Qa8+ 1-0

[Event "January 2 Early 2024"]
[Site "https://www.chess.com"]
[Date "2024.01.02"]
[Round "6"]
[White "Daurimbetov, Azamat"]
[Black "Shinkarev, M"]
[Result "0-1"]
[Board "152"]
[TimeControl "180+1"]
[WhiteFideId "14201950"]
[BlackFideId "4145348"]
[WhiteElo "2244"]
[BlackElo "2445"]
[WhiteTeam "UZB"]
[BlackTeam "RUS"]
[WhiteClock "0:00:00"]
[BlackClock "0:00:43"]

1. e4 e5 2. Nf3 d6 3. d4 Nd7 4. Nc3 c6 5. a4 Be7 6. Bc4 Ngf6 7. O-O O-O 8. h3 Nxe4 9. Nxe4 d5 10. Bd3 dxe4 11. Bxe4 Nf6 12. Qe2 exd4 13. Rd1 c5 14. c3 Nxe4 15. Qxe4 Bf6 16. cxd4 cxd4 17. Nxd4 Re8 18. Qd3 Qb6 19. Be3 Rd8 20. Qb5 Bd7 21. Qxb6 axb6 22. b3 b5 23. axb5 Rxa1 24. Rxa1 Bxb5 25. Ra7 Ba6 26. Nc6 Rd1+ 27. Kh2 h6 28. Nb4 Rd6 29. Nxa6 bxa6 30. Ra8+ Kh7 31. Kg3 Rc6 32. Kf3 Bc3 33. Ke4 a5 34. Kd5 Rg6 35. g4 Bb4 36. Kc4 Rc6+ 37. Kb5 Rc3 38. Bb6 Rxb3 39. Ka4 Ra3+ 40. Kb5 Ra2 41. Ra6 Re2 42. Bxa5 Bxa5 43. Rxa5 Rxf2 44. Ra3 f5 45. gxf5 Rxf5+ 46. Kc6 g5 47. Kd6 Kg6 48. Ke6 Rf4 49. Ke5 Rf1 50. Ra6+ Kh5 51. Ke4 Rh1 52. Ra3 Kh4 53. Ra6 h5 0-1

[Event "January 2 Early 2024"]
[Site "https://www.chess.com"]
[Date "2024.01.02"]
[Round "6"]
[White "Micic, Aleksa"]
[Black "Merikard"]
[Result "0-1"]
[Board "153"]
[TimeControl "180+1"]
[WhiteFideId "989940"]
[WhiteElo "2438"]
[BlackElo "2244"]
[WhiteTeam "SRB"]
[WhiteClock "0:00:00"]
[BlackClock "0:00:50"]

1. d4 b6 2. Nc3 Bb7 3. Bf4 g6 4. Qd2 Bg7 5. O-O-O d6 6. e3 a6 7. f3 b5 8. Kb1 Nd7 9. h4 h6 10. Bd3 e6 11. g4 Ne7 12. Nce2 Nb6 13. e4 Nc4 14. Bxc4 bxc4 15. Qb4 Rb8 16. Qxc4 O-O 17. Qd3 Qd7 18. Qe3 Kh7 19. Ng3 Qb5 20. N1e2 Bxe4 21. b3 Bc6 22. Nc3 Qa5 23. Rhg1 Nd5 24. Nxd5 Bxd5 25. g5 h5 26. Ne4 Bxe4 27. fxe4 Qa3 28. Qc1 Qa5 29. Qd2 Qb6 30. a4 a5 31. Rgf1 Qc6 32. Ka2 Qxe4 33. Rfe1 Qc6 34. Re2 Rb4 35. c3 Rxa4+ 36. bxa4 Qxa4+ 37. Kb1 Rb8+ 38. Kc1 Qa3+ 39. Kc2 Rb2+ 40. Kd3 Rxd2+ 41. Rexd2 Qb3 42. Rc2 c5 43. dxc5 dxc5 44. Be3 Qd5+ 45. Ke2 Qg2+ 46. Bf2 Qe4+ 0-1

[Event "January 2 Early 2024"]
[Site "https://www.chess.com"]
[Date "2024.01.02"]
[Round "6"]
[White "Nemec, Jachym"]
[Black "Piddubna, Bozhena"]
[Result "0-1"]
[Board "154"]
[TimeControl "180+1"]
[WhiteFideId "23716525"]
[BlackFideId "34109293"]
[WhiteElo "2435"]
[BlackElo "2237"]
[WhiteTeam "CZE"]
[BlackTeam "UKR"]
[WhiteClock "0:00:14"]
[BlackClock "0:00:06"]

1. e4 e5 2. Nf3 Nc6 3. Bb5 a6 4. Ba4 Nf6 5. d3 Bc5 6. O-O d6 7. c3 Ba7 8. Be3 O-O 9. Bxa7 Nxa7 10. Nbd2 b5 11. Bb3 c5 12. a4 Bg4 13. axb5 axb5 14. h3 Bh5 15. Re1 Nc6 16. Rxa8 Qxa8 17. Nf1 b4 18. Ng3 Bg6 19. Nh4 bxc3 20. bxc3 Rb8 21. Bc4 Na5 22. Ba2 Nc6 23. Qa1 Qa5 24. Bc4 Nh5 25. Nxh5 Bxh5 26. Nf5 Qc7 27. Rb1 Bg6 28. Rxb8+ Qxb8 29. Ne3 h6 30. Qa6 Ne7 31. Kh2 Kh7 32. g4 Qb2 33. Kg2 Qb8 34. Bb5 Ng8 35. Nc4 d5 36. exd5 Bxd3 37. d6 Nf6 38. Na3 Be4+ 39. f3 Bb7 40. Qb6 Qa8 41. Qxc5 Bxf3+ 42. Kh2 Bh1 43. Qf2 Qxa3 44. Kxh1 Qxd6 45. Be2 Qc6+ 46. Qf3 e4 47. Qf5+ g6 48. Qe5 Kg7 49. h4 Qd5 50. Qxd5 Nxd5 51. Kg1 Nxc3 52. Bc4 Na4 53. Kf2 Kf6 54. Ke3 Nc5 55. Kd4 Ne6+ 56. Kxe4 g5 57. h5 Nf4 58. Kf3 Ne6 59. Bd3 Ke5 60. Bb1 Nd4+ 61. Kg3 f5 62. Ba2 f4+ 63. Kg2 Ke4 64. Bb1+ Ke3 65. Ba2 f3+ 66. Kg3 f2 67. Bc4 Ne2+ 0-1

[Event "January 2 Early 2024"]
[Site "https://www.chess.com"]
[Date "2024.01.02"]
[Round "6"]
[White "RaneshRatnesan"]
[Black "Jovic, Stanoje"]
[Result "1-0"]
[Board "155"]
[TimeControl "180+1"]
[BlackFideId "905020"]
[WhiteElo "2232"]
[BlackElo "2432"]
[BlackTeam "SRB"]
[WhiteClock "0:00:15"]
[BlackClock "0:00:00"]

1. d4 Nf6 2. c4 e6 3. Nc3 Bb4 4. a3 Bxc3+ 5. bxc3 O-O 6. f3 c5 7. e4 d5 8. cxd5 exd5 9. e5 Nfd7 10. f4 Nc6 11. Nf3 f6 12. Bd3 fxe5 13. fxe5 cxd4 14. cxd4 Rxf3 15. Qxf3 Qh4+ 16. Qf2 Qxf2+ 17. Kxf2 Nxd4 18. Bb2 Ne6 19. Rad1 b6 20. Rhe1 Ndc5 21. Be2 Bb7 22. Bf3 Nf4 23. Kg3 Nfd3 24. Re2 Kf7 25. Bd4 Ke6 26. Bg4+ Ke7 27. Red2 Ne4+ 28. Kf3 Nxd2+ 29. Rxd2 Nc5 30. Rc2 Ne6 31. Bxe6 Kxe6 32. Rc7 Ba6 33. Rxg7 h5 34. Rg6+ Kf7 35. Rh6 Rc8 36. Rh7+ Ke6 37. Rh6+ Kf7 38. Rh7+ Ke6 39. Rxa7 Bd3 40. g3 Be4+ 41. Kf4 Rf8+ 42. Kg5 Rf3 43. Kxh5 Rd3 44. Bxb6 d4 45. Ba5 Kxe5 46. Re7+ Kd5 47. Rd7+ Ke5 48. Bb6 Rd2 49. Rxd4 Rxd4 50. Bxd4+ Kxd4 51. Kg5 Ke5 52. h4 Bc2 53. h5 Ke6 54. Kh6 Bf5 55. Kg7 1-0

[Event "January 2 Early 2024"]
[Site "https://www.chess.com"]
[Date "2024.01.02"]
[Round "6"]
[White "Bulatova, Kamaliya"]
[Black "Lye, Sverre"]
[Result "1-0"]
[Board "156"]
[TimeControl "180+1"]
[WhiteFideId "34111546"]
[BlackFideId "1539353"]
[WhiteElo "2430"]
[BlackElo "2224"]
[WhiteTeam "RUS"]
[BlackTeam "NOR"]
[WhiteClock "0:00:06"]
[BlackClock "0:00:16"]

1. d4 Nf6 2. c4 g6 3. Nc3 d6 4. h4 h5 5. e4 Bg7 6. Be2 Nbd7 7. Bg5 e5 8. d5 a5 9. Qd2 Nc5 10. f3 Qd7 11. Nh3 Na4 12. Nb5 Nc5 13. Nf2 b6 14. Nd3 Ba6 15. Nxc5 dxc5 16. Qc3 Qe7 17. Na3 Qd6 18. Be3 Nd7 19. Nc2 f5 20. exf5 gxf5 21. Bg5 Qg6 22. O-O Bf6 23. Qe3 Rg8 24. f4 O-O-O 25. Rad1 exf4 26. Qxf4 Bxg5 27. hxg5 Qxg5 28. Qxg5 Rxg5 29. Ne3 Rdg8 30. Rf2 Ne5 31. Nxf5 Kb8 32. b3 Bc8 33. Ne7 Re8 34. Nxc8 Kxc8 35. Kh2 Ng4+ 36. Bxg4+ hxg4 37. g3 Rh5+ 38. Kg2 Re3 39. d6 cxd6 40. Rxd6 Kc7 41. Rg6 Re4 42. Rf7+ Kb8 43. Rg8+ Re8 44. Rxe8# 1-0

[Event "January 2 Early 2024"]
[Site "https://www.chess.com"]
[Date "2024.01.02"]
[Round "6"]
[White "Kohler, Aran"]
[Black "Gabdushev, Ruslan"]
[Result "1-0"]
[Board "157"]
[TimeControl "180+1"]
[WhiteFideId "1002856"]
[BlackFideId "4137833"]
[WhiteElo "2222"]
[BlackElo "2430"]
[WhiteTeam "NED"]
[BlackTeam "RUS"]
[WhiteClock "0:01:14"]
[BlackClock "0:00:00"]

1. d4 g6 2. c3 Bg7 3. Nf3 d6 4. Bg5 c6 5. Nbd2 h6 6. Bh4 g5 7. Bg3 Nd7 8. e3 Nf8 9. Bd3 Nf6 10. h4 g4 11. Nh2 Nh5 12. Nxg4 Nxg3 13. fxg3 h5 14. Nf2 Nd7 15. O-O Nf6 16. Nde4 d5 17. Ng5 Qc7 18. Qf3 Bh6 19. e4 Be6 20. Nxe6 fxe6 21. e5 Ng4 22. Nxg4 hxg4 23. Bg6+ Kd7 24. Qxg4 Rag8 25. Rf7 c5 26. Raf1 Be3+ 27. Kh2 cxd4 28. cxd4 Qb6 29. h5 Bxd4 30. Rd1 Bxe5 31. Rxd5+ Bd6 32. Rd2 Qc5 33. Qh4 Kc8 34. Rc2 Qxc2 35. Bxc2 Bxg3+ 36. Qxg3 Rxh5+ 37. Qh3 Rxh3+ 38. Kxh3 Kd7 39. g4 Kd6 40. Bb3 Rh8+ 41. Kg3 Rh1 42. Rf2 Rg1+ 43. Kf4 e5+ 44. Kf5 1-0

[Event "January 2 Early 2024"]
[Site "https://www.chess.com"]
[Date "2024.01.02"]
[Round "6"]
[White "Sztokbant, Bernardo Vainzoff"]
[Black "Sailer, Mike"]
[Result "1-0"]
[Board "158"]
[TimeControl "180+1"]
[WhiteFideId "2115956"]
[BlackFideId "2012901"]
[WhiteElo "2427"]
[BlackElo "2205"]
[WhiteTeam "BRA"]
[BlackTeam "USA"]
[WhiteClock "0:01:15"]
[BlackClock "0:00:48"]

1. e4 d5 2. exd5 Qxd5 3. Nc3 Qd6 4. d4 c6 5. Nf3 Bg4 6. h3 Bh5 7. Be2 Nf6 8. O-O e6 9. Ne5 Bxe2 10. Nxe2 Qc7 11. Bf4 Bd6 12. c4 c5 13. Qa4+ Kf8 14. Rad1 h6 15. dxc5 Bxe5 16. Bxe5 Qc8 17. Nd4 Nc6 18. Nxc6 Qxc6 19. Qxc6 bxc6 20. Rd6 Rc8 21. Rfd1 Ke7 22. Bxf6+ gxf6 23. Rd7+ Kf8 24. Rxa7 Kg7 25. Rdd7 Rhf8 26. b4 Rb8 27. a3 f5 28. Rd6 Rbc8 29. Rxe6 1-0

[Event "January 2 Early 2024"]
[Site "https://www.chess.com"]
[Date "2024.01.02"]
[Round "6"]
[White "Yushko, Olga"]
[Black "Spichkin, Alexander"]
[Result "0-1"]
[Board "159"]
[TimeControl "180+1"]
[WhiteFideId "14114500"]
[BlackFideId "4144074"]
[WhiteElo "2187"]
[BlackElo "2426"]
[WhiteTeam "UKR"]
[BlackTeam "RUS"]
[WhiteClock "0:01:51"]
[BlackClock "0:02:24"]

1. d4 e6 2. c4 f5 3. g3 Nf6 4. Bg2 d6 5. Nh3 Be7 6. O-O O-O 7. Nc3 c6 8. Re1 Qe8 9. Qc2 e5 10. e3 Qh5 11. f3 Na6 12. a3 Nc7 13. b4 Be6 14. Ne2 f4 15. g4 Nxg4 16. fxg4 Bxg4 17. exf4 Bxh3 18. Bxh3 Qxh3 19. dxe5 dxe5 20. fxe5 Bh4 21. Rd1 Rf2 22. Bf4 Qg2# 0-1

[Event "January 2 Early 2024"]
[Site "https://www.chess.com"]
[Date "2024.01.02"]
[Round "6"]
[White "Gopal, K.N."]
[Black "Omariev, Maksim"]
[Result "1-0"]
[Board "160"]
[TimeControl "180+1"]
[WhiteFideId "5001447"]
[BlackFideId "4193423"]
[WhiteElo "2169"]
[BlackElo "2420"]
[WhiteTeam "IND"]
[BlackTeam "RUS"]
[WhiteClock "0:00:12"]
[BlackClock "0:00:00"]

1. e4 c5 2. Nf3 d6 3. d4 cxd4 4. Nxd4 Nf6 5. Nc3 a6 6. a4 e6 7. Be2 Be7 8. O-O O-O 9. Be3 Qc7 10. Kh1 Nc6 11. f4 Nxd4 12. Bxd4 e5 13. Be3 exf4 14. Bxf4 Be6 15. Bd3 Rfe8 16. Qf3 Bf8 17. Rae1 Nd7 18. Nd5 Bxd5 19. exd5 Nc5 20. b3 g6 21. h3 Bg7 22. Qg3 Qd7 23. Kh2 Rac8 24. Kh1 Nxd3 25. Rxe8+ Qxe8 26. Qxd3 Rc3 27. Qd2 Qd7 28. Bh6 Be5 29. Re1 Qf5 30. Qxc3 g5 31. Qd2 f6 32. Qd3 Qxd3 33. cxd3 Kf7 34. g4 1-0

[Event "January 2 Early 2024"]
[Site "https://www.chess.com"]
[Date "2024.01.02"]
[Round "6"]
[White "th3d4rkness"]
[Black "Rees, Ioan"]
[Result "0-1"]
[Board "161"]
[TimeControl "180+1"]
[BlackFideId "1801236"]
[WhiteElo "2144"]
[BlackElo "2417"]
[BlackTeam "WLS"]
[WhiteClock "0:00:23"]
[BlackClock "0:00:53"]

1. d4 d5 2. c4 c6 3. Nf3 Nf6 4. cxd5 cxd5 5. Nc3 Nc6 6. Bf4 Nh5 7. Bd2 e6 8. e3 Be7 9. Ne5 Nf6 10. Bb5 Bd7 11. Nxd7 Nxd7 12. O-O O-O 13. a3 Rc8 14. Bd3 f5 15. Rc1 Bd6 16. f4 Nf6 17. Nb5 Bb8 18. Be1 Ne4 19. Bxe4 dxe4 20. Qh5 g6 21. Qh6 a6 22. Bh4 Qd7 23. Nc3 Bd6 24. Rfd1 Ne7 25. Bxe7 Qxe7 26. d5 e5 27. Ne2 Qg7 28. Qxg7+ Kxg7 29. g3 Kf6 30. Rxc8 Rxc8 31. Rc1 Rc5 32. b4 Rc7 33. Kf2 exf4 34. gxf4 g5 35. fxg5+ Kxg5 36. Rxc7 Bxc7 37. Nd4 Bxh2 38. Ne6+ Kf6 39. Nc5 h5 40. Nxb7 h4 41. Nc5 Ke5 42. Nxa6 Kxd5 43. Nc7+ Bxc7 0-1

[Event "January 2 Early 2024"]
[Site "https://www.chess.com"]
[Date "2024.01.02"]
[Round "6"]
[White "Mayaud, Raphael"]
[Black "Nikulina, Alena"]
[Result "0-1"]
[Board "162"]
[TimeControl "180+1"]
[WhiteFideId "627151"]
[BlackFideId "4172051"]
[WhiteElo "2417"]
[BlackElo "2089"]
[WhiteTeam "FRA"]
[BlackTeam "RUS"]
[WhiteClock "0:00:00"]
[BlackClock "0:00:05"]

1. d4 d5 2. Nf3 Nf6 3. Bf4 c5 4. e3 Qb6 5. b3 Nc6 6. c3 Bf5 7. Nbd2 e6 8. Be2 Ne4 9. Nxe4 dxe4 10. Nh4 cxd4 11. Nxf5 exf5 12. exd4 Be7 13. O-O g5 14. Bc1 O-O-O 15. Bb2 f4 16. Bg4+ Kb8 17. Bf5 h5 18. Bxe4 g4 19. a4 Rdg8 20. Re1 Bd6 21. b4 Qc7 22. a5 f3 23. g3 h4 24. Bxf3 hxg3 25. fxg3 gxf3 26. Qxf3 Bxg3 27. hxg3 Rxg3+ 28. Kf2 Rxf3+ 29. Kxf3 Rh3+ 30. Ke4 Qe7+ 31. Kd5 Qd7+ 32. Kc4 Ne7 33. Re5 f6 34. Rc5 Qe6+ 35. d5 Qe4+ 36. Kb3 Nxd5 37. Rd1 Rd3 38. Rh1 a6 39. Rh8+ Ka7 40. Rh2 Nxb4 0-1

[Event "January 2 Early 2024"]
[Site "https://www.chess.com"]
[Date "2024.01.02"]
[Round "6"]
[White "Povshednyi, Ivan"]
[Black "Gomez Falagan, Daniel"]
[Result "0-1"]
[Board "163"]
[TimeControl "180+1"]
[WhiteFideId "14190907"]
[BlackFideId "54509947"]
[WhiteElo "2597"]
[BlackElo "2348"]
[WhiteTeam "UKR"]
[BlackTeam "ESP"]
[WhiteClock "0:00:51"]
[BlackClock "0:00:10"]

1. e4 c6 2. d4 d5 3. e5 c5 4. Nf3 Nc6 5. dxc5 e6 6. Be3 Nge7 7. c3 Nf5 8. Bd4 Be7 9. Bd3 Nfxd4 10. cxd4 b6 11. Bb5 Bd7 12. Bxc6 Bxc6 13. b4 a5 14. Nbd2 axb4 15. cxb6 Qxb6 16. O-O O-O 17. h3 Rfc8 18. Qb3 Ba4 19. Qb1 Bc2 20. Qb2 Bd3 21. Rfc1 Qa6 22. Nb3 Rxc1+ 23. Nxc1 Bc4 24. Nb3 h6 25. Nbd2 Bd3 26. Nb3 Qa3 27. Qxa3 Rxa3 28. Nfd2 Bd8 29. f4 Bb6 30. Kf2 Bc4 31. Ke3 f6 32. g4 Kf7 33. h4 g5 34. hxg5 hxg5 35. exf6 Kxf6 36. fxg5+ Kxg5 37. Nf3+ Kxg4 38. Rg1+ Kf5 39. Rg5+ Kf6 40. Kf4 Rxa2 41. Nc5 Bc7+ 42. Ne5 Rf2+ 43. Ke3 Re2+ 44. Kf4 Bxe5+ 45. dxe5+ Ke7 46. Rg7+ Ke8 47. Nxe6 b3 48. Rb7 b2 49. Kf5 b1=Q+ 50. Rxb1 Bd3+ 51. Kf6 Bxb1 52. Ng7+ Kd8 53. e6 d4 54. Nf5 Bxf5 55. Kxf5 d3 56. e7+ Kxe7 57. Kf4 d2 0-1

[Event "January 2 Early 2024"]
[Site "https://www.chess.com"]
[Date "2024.01.02"]
[Round "6"]
[White "Shohat, Yotam"]
[Black "Coro, Lucas"]
[Result "0-1"]
[Board "164"]
[TimeControl "180+1"]
[WhiteFideId "2813955"]
[BlackFideId "147222"]
[WhiteElo "2342"]
[BlackElo "2514"]
[WhiteTeam "ISR"]
[BlackTeam "ARG"]
[WhiteClock "0:00:36"]
[BlackClock "0:02:17"]

1. e4 g6 2. d4 Bg7 3. Nc3 d6 4. Be3 a6 5. Qd2 b5 6. f3 Bb7 7. h4 h5 8. Nh3 Nd7 9. Ng5 e6 10. O-O-O Qe7 11. Bd3 Ngf6 12. Kb1 Rd8 13. a3 c5 14. e5 dxe5 15. dxc5 O-O 16. Nce4 Nxe4 17. Bxe4 Nb8 18. Bxb7 Rxd2 19. Rxd2 Qxb7 20. Ne4 Nc6 21. Rhd1 b4 22. Rd7 Qb5 23. Nd6 Qe2 24. Rd2 Qxe3 25. Nc4 0-1

[Event "January 2 Early 2024"]
[Site "https://www.chess.com"]
[Date "2024.01.02"]
[Round "6"]
[White "Korol, Dimitry"]
[Black "Ljukin, Sergei"]
[Result "0-1"]
[Board "165"]
[TimeControl "180+1"]
[WhiteFideId "14108003"]
[BlackFideId "14102200"]
[WhiteElo "2320"]
[BlackElo "2514"]
[WhiteTeam "UKR"]
[BlackTeam "UKR"]
[WhiteClock "0:00:15"]
[BlackClock "0:00:06"]

1. d4 d5 2. c4 c6 3. Nc3 Nf6 4. e3 e6 5. Nf3 Nbd7 6. Bd3 dxc4 7. Bxc4 b5 8. Be2 a6 9. e4 c5 10. e5 cxd4 11. Qxd4 Bc5 12. Qh4 Nd5 13. Qg3 g6 14. Nxd5 exd5 15. O-O O-O 16. Rd1 Bb7 17. Bh6 Re8 18. Rac1 Bf8 19. Bg5 Qb6 20. h4 Bg7 21. Bf4 Rac8 22. h5 Rxc1 23. Rxc1 Rc8 24. Rd1 Nc5 25. hxg6 hxg6 26. Qh4 Ne6 27. Bh6 Qd8 28. Qh3 d4 29. Bxg7 Kxg7 30. Bd3 Qd5 31. Re1 Nf4 32. Qh4 Nxd3 33. Qf6+ Kg8 34. Rd1 Nc5 35. Rxd4 Qe6 36. Qg5 Bxf3 37. gxf3 Nd7 38. f4 Rc1+ 39. Kg2 Qc6+ 40. f3 Qc2+ 41. Kh3 Rh1+ 42. Kg4 Qg2# 0-1

[Event "January 2 Early 2024"]
[Site "https://www.chess.com"]
[Date "2024.01.02"]
[Round "6"]
[White "Kabanov, Nikolai"]
[Black "Pogorelskikh, Sofia"]
[Result "1-0"]
[Board "166"]
[TimeControl "180+1"]
[WhiteFideId "4127820"]
[BlackFideId "44164548"]
[WhiteElo "2490"]
[BlackElo "2299"]
[WhiteTeam "RUS"]
[BlackTeam "SRB"]
[WhiteClock "0:00:12"]
[BlackClock "0:00:00"]

1. e4 c5 2. Nf3 Nc6 3. Bb5 e5 4. O-O Bd6 5. c3 a6 6. Ba4 b5 7. Bc2 Nge7 8. d4 cxd4 9. cxd4 exd4 10. Bg5 Qc7 11. Nbd2 O-O 12. Nb3 Ng6 13. Rc1 Bb7 14. Nbxd4 Nxd4 15. Qxd4 Ne5 16. Nd2 Nc6 17. Qe3 Bxh2+ 18. Kh1 Be5 19. Nf3 Bxb2 20. Rb1 Be5 21. Nxe5 Qxe5 22. f4 Qd4 23. Qh3 h6 24. Rbd1 Qc5 25. Bb1 hxg5 26. e5 g6 27. f5 Qxe5 28. f6 Nd8 29. Rde1 Qd5 30. Be4 Qd6 31. Bxb7 Ne6 32. Qh6 Rab8 33. Rxe6 1-0

[Event "January 2 Early 2024"]
[Site "https://www.chess.com"]
[Date "2024.01.02"]
[Round "6"]
[White "Munoz Sanchez, Miguel"]
[Black "Morales Garcia, Sergio Joshafatt"]
[Result "0-1"]
[Board "167"]
[TimeControl "180+1"]
[WhiteFideId "3600734"]
[BlackFideId "5106249"]
[WhiteElo "2307"]
[BlackElo "2436"]
[WhiteTeam "ECU"]
[BlackTeam "MEX"]
[WhiteClock "0:00:29"]
[BlackClock "0:01:15"]

1. d4 d5 2. Nf3 Nf6 3. c4 c6 4. cxd5 cxd5 5. Nc3 Nc6 6. Bf4 Bf5 7. e3 e6 8. Be2 Bd6 9. Bxd6 Qxd6 10. O-O O-O 11. Rc1 h6 12. Na4 Rfc8 13. Nd2 Rc7 14. a3 Rac8 15. Nc5 e5 16. dxe5 Nxe5 17. b4 b6 18. Ncb3 Bc2 19. Qe1 Nd3 20. Bxd3 Bxd3 21. Rxc7 Qxc7 22. Nf3 Bxf1 23. Qxf1 Qc4 0-1

[Event "January 2 Early 2024"]
[Site "https://www.chess.com"]
[Date "2024.01.02"]
[Round "6"]
[White "Garrido, Denis"]
[Black "Delgado Kuffo, Andres"]
[Result "0-1"]
[Board "168"]
[TimeControl "180+1"]
[WhiteFideId "601217"]
[BlackFideId "3600475"]
[WhiteElo "2402"]
[BlackElo "2228"]
[WhiteTeam "FRA"]
[BlackTeam "ECU"]
[WhiteClock "0:00:21"]
[BlackClock "0:00:16"]

1. d4 Nf6 2. c4 d6 3. Nc3 e5 4. Nf3 e4 5. Ng5 Qe7 6. Qc2 Bf5 7. g4 Nxg4 8. Ngxe4 Nc6 9. e3 O-O-O 10. Bg2 Bg6 11. Qa4 Kb8 12. h3 Nh6 13. Nd5 Qh4 14. Nec3 Nf5 15. Nb4 Nxb4 16. Qxb4 d5 17. Nxd5 Bxb4+ 18. Nxb4 Nxd4 19. Bd2 Qg5 20. Bd5 Rxd5 21. exd4 Qe7+ 22. Kd1 Rxd4 23. Nd5 Qe4 24. Re1 Qc2+ 0-1

[Event "January 2 Early 2024"]
[Site "https://www.chess.com"]
[Date "2024.01.02"]
[Round "6"]
[White "SkinnyPuppy8"]
[Black "Topalov, Aleksandar"]
[Result "0-1"]
[Board "169"]
[TimeControl "180+1"]
[BlackFideId "925659"]
[WhiteElo "2285"]
[BlackElo "2395"]
[BlackTeam "SRB"]
[WhiteClock "0:00:00"]
[BlackClock "0:00:10"]

1. e4 e6 2. d3 c5 3. g3 Nc6 4. Bg2 g6 5. Be3 d6 6. c3 Bg7 7. Qd2 Nge7 8. Bh6 O-O 9. h4 f6 10. Bxg7 Kxg7 11. h5 g5 12. f4 gxf4 13. gxf4 e5 14. h6+ Kh8 15. f5 d5 16. Ne2 Rg8 17. Bf3 b5 18. Na3 b4 19. cxb4 Nxb4 20. Nc2 dxe4 21. Bxe4 Rb8 22. Ne3 Ba6 23. Rd1 Nxa2 24. Ra1 Nb4 25. Nc1 Rg3 26. Kf2 Qg8 27. Ne2 Rg5 28. Rag1 Rd8 29. Qc3 Bxd3 30. Qxc5 Bxe4 31. Qxb4 Bxh1 32. Rxg5 Qxg5 33. Qxe7 Rg8 34. b4 Qh4+ 35. Kf1 Bf3 0-1

[Event "January 2 Early 2024"]
[Site "https://www.chess.com"]
[Date "2024.01.02"]
[Round "6"]
[White "Hartikainen, Jarmo"]
[Black "Travkina, Anastasia"]
[Result "0-1"]
[Board "170"]
[TimeControl "180+1"]
[WhiteFideId "503134"]
[BlackFideId "24129151"]
[WhiteElo "2154"]
[BlackElo "2377"]
[WhiteTeam "FIN"]
[BlackTeam "RUS"]
[WhiteClock "0:00:00"]
[BlackClock "0:00:23"]

1. e4 c5 2. c3 d5 3. exd5 Nf6 4. d4 cxd4 5. cxd4 Nxd5 6. Nc3 Nc6 7. Nf3 Bg4 8. Be2 e6 9. O-O Bd6 10. Nb5 Bb8 11. Ne5 Nxe5 12. dxe5 Bxe2 13. Qxe2 a6 14. Nc3 Nxc3 15. bxc3 O-O 16. Ba3 Re8 17. Rfd1 Qa5 18. Bd6 Qxc3 19. Rac1 Qa5 20. h4 h6 21. Rc5 Qb6 22. Qc2 Rd8 23. Rc8 Bxd6 24. Rxa8 Rxa8 25. Rxd6 Qa5 26. Qe2 Rc8 27. g4 Rc5 28. f4 Qc7 29. Rd2 Rc1+ 30. Kg2 Qc6+ 31. Kh2 Qh1+ 32. Kg3 Rg1+ 33. Kf2 Rg2+ 34. Ke3 Rxe2+ 35. Rxe2 Qxh4 36. Rb2 Qg3+ 37. Ke4 Qxg4 38. a4 h5 39. a5 h4 40. Rb6 h3 41. Ke3 Qg3+ 42. Ke4 Qg2+ 43. Ke3 Qg1+ 44. Ke4 h2 0-1

[Event "January 2 Early 2024"]
[Site "https://www.chess.com"]
[Date "2024.01.02"]
[Round "6"]
[White "Bogumil, Tatiana"]
[Black "Fernandez Garcia, Gumersindo"]
[Result "0-1"]
[Board "171"]
[TimeControl "180+1"]
[WhiteFideId "4110579"]
[BlackFideId "24516740"]
[WhiteElo "2016"]
[BlackElo "2370"]
[WhiteTeam "RUS"]
[BlackTeam "ESP"]
[WhiteClock "0:00:00"]
[BlackClock "0:01:00"]

1. Nf3 d5 2. c4 dxc4 3. Na3 Nf6 4. Nxc4 Nc6 5. b3 e6 6. Bb2 Be7 7. g3 O-O 8. Bg2 a6 9. O-O Rb8 10. d3 b5 11. Nce5 Bb7 12. Rc1 Nxe5 13. Bxe5 Bd6 14. Bb2 Qe7 15. e4 e5 16. Nh4 g6 17. d4 exd4 18. Qxd4 Rfe8 19. Rfe1 Be5 20. Qxe5 Qxe5 21. Bxe5 Rxe5 22. Rxc7 Ree8 23. e5 Ng4 24. Bxb7 Nxe5 0-1

[Event "January 2 Early 2024"]
[Site "https://www.chess.com"]
[Date "2024.01.02"]
[Round "6"]
[White "Alonso Garcia, Rene Marcial"]
[Black "Kamsky, Gata"]
[Result "0-1"]
[Board "172"]
[TimeControl "180+1"]
[WhiteFideId "3500276"]
[BlackFideId "2000024"]
[WhiteElo "2275"]
[BlackElo "2947"]
[WhiteTeam "FID"]
[BlackTeam "USA"]
[WhiteClock "0:00:00"]
[BlackClock "0:00:16"]

1. d4 f5 2. g3 Nf6 3. Bg2 g6 4. c3 Bg7 5. Qb3 Nc6 6. Nh3 e6 7. Nd2 O-O 8. Nf4 g5 9. Nd3 d6 10. Nf3 h6 11. h4 g4 12. Nd2 d5 13. Nf4 Qd6 14. Nf1 Na5 15. Qc2 b6 16. Ne3 c5 17. dxc5 bxc5 18. O-O Ba6 19. b4 cxb4 20. cxb4 Rfc8 21. Qa4 Nc4 22. b5 Bb7 23. Nxc4 Rxc4 24. Qa3 Qxa3 25. Bxa3 Kf7 26. Bb2 Rc2 27. Be5 Bf8 28. a4 Nd7 29. Nd3 a6 30. Bf4 Kf6 31. Rfc1 Rac8 32. Rxc2 Rxc2 33. Rc1 Rxc1+ 34. Bxc1 axb5 35. axb5 e5 36. Bb2 Ke6 37. f4 gxf3 38. Bxf3 Bd6 39. Bg2 Nb6 40. Bh3 Nc4 41. Bc1 h5 42. Nb2 Bc5+ 43. Kh2 Nd6 44. Bg2 Nxb5 45. Bf3 e4 46. Bxh5 Ba3 47. Nd3 exd3 48. Bxa3 d2 49. e4 Nxa3 50. exf5+ Kxf5 51. g4+ Kf4 52. g5 Kf5 53. Kg3 Nc4 54. Bd1 Nb2 55. Bc2+ Ke6 56. h5 d1=Q 57. Bxd1 Nxd1 58. Kf4 d4 59. h6 Kf7 60. Kf5 Ne3+ 61. Kf4 Nc4 62. Kf5 Nd6+ 63. Kf4 d3 64. Ke3 Be4 65. Kd2 Bg6 66. Ke3 Ke6 67. Kd2 Ke5 0-1